 Dungeon Crawl Stone Soup version 0.18.1-6-gd335043 (webtiles) character file.

341 MenacingMecha the Magician (level 6, -3/32 HPs)
             Began as a Deep Elf Fire Elementalist on May 19, 2016.
             Was an Initiate of Vehumet.
             Engulfed by a cloud of flame (24 damage)
             ... on level 5 of the Dungeon.
             The game lasted 00:27:44 (5207 turns).

MenacingMecha the Magician (DEFE)                   Turns: 5207, Time: 00:27:45

Health: -3/32      AC:  7    Str:  7    XL:     6   Next: 30%
Magic:  11/16      EV: 13    Int: 20    God:    Vehumet [......]
Gold:   399        SH:  3    Dex: 15    Spells: 5 memorised, 2 levels left

rFire  . . .     SeeInvis .     v - +3 quarterstaff (chaos)
rCold  + . .     Gourm    .     y - +0 steam dragon armour {SteDA rSteam}
rNeg   . . .     Faith    .     (shield currently unavailable)
rPois  .         Spirit   .     (no helmet)
rElec  .         Dismiss  .     u - +0 cloak
rCorr  .         Reflect  +     (no gloves)
SustAt .         Harm     .     E - +0 pair of boots
MR     .....                    B - +3 amulet of reflection
Stlth  ++........               (no ring)
                                m - ring of protection from cold {rC+}

@: not resistant to hostile enchantments, unstealthy
A: no striking features
a: Renounce Religion


You were on level 5 of the Dungeon.
You worshipped Vehumet.
Vehumet was noncommittal.
You were very hungry.

You visited 1 branch of the dungeon, and saw 5 of its levels.

You collected 399 gold pieces.

Inventory:

Hand Weapons
 a - a +2 dagger of protection
   (You found it on level 5 of the Dungeon)
 q - a +2 dagger of venom
   (You took it off a kobold on level 2 of the Dungeon)
 v - a +3 quarterstaff of chaos (weapon)
   (You took it off Crazy Yiuf on level 2 of the Dungeon)
Missiles
 w - 3 tomahawks of returning (quivered)
Armour
 u - a +0 cloak (worn)
   (You took it off Crazy Yiuf on level 2 of the Dungeon)
 y - a +0 steam dragon armour (worn) {SteDA rSteam}
   (You found it on level 3 of the Dungeon)
 E - a +0 pair of boots (worn)
   (You found it on level 4 of the Dungeon)
Jewellery
 m - a ring of protection from cold (left hand) {rC+}
   (You found it on level 2 of the Dungeon)
 B - a +3 amulet of reflection (around neck)
   (You found it on level 3 of the Dungeon)
Wands
 n - a wand of flame (13/48)
   (You took it off Jessica on level 2 of the Dungeon)
 C - a wand of flame (19/48)
   (You found it on level 4 of the Dungeon)
Scrolls
 e - a scroll of teleportation {unknown}
 g - a scroll of magic mapping {unknown}
 i - 6 scrolls of identify
 j - 3 scrolls of amnesia {unknown}
 o - 3 scrolls of immolation {unknown}
 p - a scroll of random uselessness {unknown}
 r - a scroll of remove curse {unknown}
 t - a scroll of fear {unknown}
 z - a scroll of enchant weapon {unknown}
Potions
 d - a potion of curing {unknown}
 h - 2 potions of flight {unknown}
 l - a potion of magic {unknown}
 s - 3 potions of brilliance {unknown}
 x - a potion of cure mutation {unknown}
 A - 2 potions of haste {unknown}
 D - a potion of berserk rage {unknown}
Books
 b - a book of Flames
Comestibles
 c - 2 bread rations


   Skills:
 - Level 2.4 Dodging
 - Level 2.4 Stealth
 - Level 5.3 Spellcasting
 + Level 4.4 Conjurations
 + Level 1.0 Hexes
 + Level 5.0 Fire Magic


You had 2 spell levels left.
You knew the following spells:

 Your Spells              Type           Power        Failure   Level  Hunger
a - Flame Tongue          Conj/Fire      ###..        1%          1    None
b - Inner Flame           Hex/Fire       ###.....     12%         3    ##.....
c - Conjure Flame         Conj/Fire      ###.....     6%          3    ##.....
s - Sticky Flame          Conj/Fire      ###.....     17%         4    ####...
x - Throw Flame           Conj/Fire      ###...       2%          2    None


Dungeon Overview and Level Annotations

Branches:
Dungeon (5/15)
 Temple: D:4-7

Altars:
Vehumet

Annotations:
D:3 exclusion: Sigmund, Sigmund
D:4 exclusions: Blork the orc and phantom, Blork the orc


Message History

Confirm with . or Enter, or press ? or * to list all spells.
You can't see any susceptible monsters within range! (Use Z to cast anyway.)
Okay, then.
Okay, then.
Okay, then.
Unknown command.
Casting: Throw Flame
Confirm with . or Enter, or press ? or * to list all spells.
You can't see any susceptible monsters within range! (Use Z to cast anyway.)
Casting: Throw Flame
Confirm with . or Enter, or press ? or * to list all spells.
You can't see any susceptible monsters within range! (Use Z to cast anyway.)
Casting: Throw Flame
Confirm with . or Enter, or press ? or * to list all spells.
Aiming: Throw Flame
Press: ? - help, Shift-Dir - straight line, f/p - worker ant
Aim: a worker ant (severely wounded)
The puff of flame hits the worker ant.
You kill the worker ant!
Vehumet accepts your kill.
Your Fire Magic skill increases to level 5!
Casting: Throw Flame
Confirm with . or Enter, or press ? or * to list all spells.
You can't see any susceptible monsters within range! (Use Z to cast anyway.) Unknown command.
Okay, then.
Read which item? (? for menu, Esc to quit)
As you read the scroll labeled PIKYIQ PEIMIU, it crumbles to dust.
It is a scroll of identify.
Identify which item? (\ to view known items) (? for menu, Esc to quit)
B - a +3 amulet of reflection Put on which piece of jewellery? (? for menu, Esc to quit)
B - a +3 amulet of reflection (around neck) Read which item? (? for menu, Esc to quit)
Okay, then.
Drink which item? (? for menu, Esc to quit)
Okay, then.
You start resting.
Magic restored.
A crimson imp comes into view.
A jackal comes into view.
The crimson imp shouts!
The jackal moves out of view.
A jackal comes into view.
A jackal comes into view.
The jackal moves out of view.
The crimson imp blinks!
The jackal barks! x2
Casting: Throw Flame
Confirm with . or Enter, or press ? or * to list all spells.
Aiming: Inner Flame
Press: ? - help, Shift-Dir - straight line, f - jackal
Aim: a jackal (chance to defeat MR: 92%)
The jackal is filled with an inner flame.
Casting: Inner Flame
Confirm with . or Enter, or press ? or * to list all spells.
Aiming: Throw Flame
Press: ? - help, Shift-Dir - straight line, f/p - jackal
Aim: a jackal (inner flame)
The puff of flame hits the jackal.
The jackal is lightly wounded.
The jackal barks!
Casting: Throw Flame
Confirm with . or Enter, or press ? or * to list all spells.
Aiming: Throw Flame
Press: ? - help, Shift-Dir - straight line, f/p - jackal
Aim: a jackal (inner flame)
The puff of flame misses the jackal.
The puff of flame hits the jackal.
The jackal is heavily wounded.
The crimson imp blinks!
You barely miss the jackal.
The jackal bites you but does no damage.
The jackal closely misses you.
You hit the jackal. You freeze the jackal.
The jackal is heavily wounded.
The jackal misses you. The jackal bites you.
The crimson imp blinks!
You closely miss the jackal.
The jackal is heavily wounded.
The jackal closely misses you.
The jackal bites you but does no damage.
You closely miss the jackal.
The jackal is heavily wounded.
The jackal bites you. The jackal closely misses you.
You barely miss the jackal.
The jackal is heavily wounded.
The jackal misses you. The jackal barely misses you.
You hit the jackal.
You kill the jackal!
Vehumet accepts your kill.
You sock the jackal!
You kill the jackal!
Vehumet accepts your kill. The jackal closely misses you.
You sock the jackal! You freeze the jackal.
The jackal explodes!
The fiery explosion engulfs you! Vehumet accepts your kill.
You are engulfed in roaring flames.
Ouch! That really hurt!
You die...

#............# ###
#...... ######.#.....#
#...... #.'.....#
####### ###.....# #
#.....# # #.....### #
####....# # #
##############.#..## #
#......@ยงยง.5........
# #.############.#####
# #.# .. # #.# ... #
#.# ..# # #.# ## # #.#
# #.# # #.# #####


You could see a crimson imp.

Vanquished Creatures
  An ogre (D:4)
  A crimson imp (D:5)
  A hound (D:4)
  Crazy Yiuf (D:2)
  Jessica (D:2)
  A worker ant (D:5)
  5 adders
  An adder skeleton (D:5)
  3 worms
  A giant gecko (D:3)
  6 orcs
  4 giant cockroaches
  5 goblins
  5 hobgoblins
  3 jackals (D:5)
  6 kobolds
  A ball python (D:2)
  6 bats
  A giant gecko skeleton (D:5)
  A giant newt (D:4)
  A quokka skeleton (D:5)
  7 rats
62 creatures vanquished.

Notes
Turn   | Place    | Note
--------------------------------------------------------------
     0 | D:1      | MenacingMecha the Deep Elf Fire Elementalist began the quest for the Orb.
     0 | D:1      | Reached XP level 1. HP: 10/10 MP: 6/6
   439 | D:1      | Reached XP level 2. HP: 15/15 MP: 8/8
   445 | D:1      | Learned a level 2 spell: Throw Flame
  1429 | D:2      | Noticed Jessica
  1432 | D:2      | Killed Jessica
  1432 | D:2      | Reached skill level 4 in Spellcasting
  1432 | D:2      | Reached skill level 2 in Conjurations
  1432 | D:2      | Reached XP level 3. HP: 19/19 MP: 7/10
  1555 | D:2      | Learned a level 3 spell: Conjure Flame
  1559 | D:2      | Learned a level 3 spell: Inner Flame
  2005 | D:2      | Reached skill level 1 in Hexes
  2484 | D:2      | Noticed Crazy Yiuf
  2494 | D:2      | Killed Crazy Yiuf
  2494 | D:2      | Reached skill level 4 in Fire Magic
  2494 | D:2      | Reached XP level 4. HP: 24/24 MP: 0/12
  2742 | D:3      | Reached skill level 3 in Conjurations
  2925 | D:3      | Noticed Sigmund
  3521 | D:3      | Found a radiant altar of Vehumet.
  3537 | D:3      | Became a worshipper of Vehumet
  3732 | D:3      | Reached XP level 5. HP: 24/28 MP: 4/13
  3941 | D:4      | Learned a level 4 spell: Sticky Flame
  3980 | D:4      | Noticed a phantom
  4024 | D:4      | Noticed Blork the orc
  4599 | D:4      | Noticed an ogre
  4608 | D:4      | Killed an ogre
  4608 | D:4      | Reached skill level 5 in Spellcasting
  4608 | D:4      | Reached skill level 4 in Conjurations
  4608 | D:4      | Reached XP level 6. HP: 32/32 MP: 4/15
  4786 | D:5      | Entered Level 5 of the Dungeon
  5128 | D:5      | Reached skill level 5 in Fire Magic
  5207 | D:5      | Engulfed by a cloud of flame

Skill      XL: |  1  2  3  4  5  6 |
---------------+-------------------+-----
Spellcasting   | 4 5 |  5.3
Conjurations   | 2 3 4 |  4.4
Hexes          | 1 |  1.0
Fire Magic     | 4 5 |  5.0
Dodging        | |  2.4
Stealth        | |  2.4

Action                   |  1- 3 |  4- 6 || total
-------------------------+-------+-------++-------
Melee: Club              |     5 |       ||     5
       Unarmed           |     4 |       ||     4
       Mace              |    15 |       ||    15
       Dagger            |    21 |       ||    21
       Quarterstaff      |       |    40 ||    40
 Cast: Flame Tongue      |    20 |    18 ||    38
       Throw Flame       |    13 |    28 ||    41
       Conjure Flame     |       |     1 ||     1
       Inner Flame       |       |     1 ||     1
  Use: Scroll            |       |     1 ||     1
 Stab: Sleeping          |     2 |       ||     2
  Eat: Chunk             |     4 |     6 ||    10
       Fruit             |       |     1 ||     1
       Beef jerky        |       |     1 ||     1
Armor: Robe              |     6 |     2 ||     8
       Steam dragon armo |       |    15 ||    15
Dodge: Dodged            |    40 |    37 ||    77

Vault maps used:
D:1:      zaba_arrival_water
D:2:      grunt_ministairs_9, uniq_crazy_yiuf_cottage, uniq_jessica
D:3:      nicolae_overflow_crystal_walls, minmay_stone_trees_medium,
          uniq_sigmund
D:4:      first_bread, uniq_blork_the_orc
D:5:      minmay_temple_entry_enclosed_plants

Table legend:
 A = Turns spent in this place as a percentage of turns spent in the entire game.
 B = Non-inter-level travel turns spent in this place as a percentage of non-inter-level travel turns spent in the entire game.
 C = Inter-level travel turns spent in this place as a percentage of turns spent in this place.
 D = Turns resting spent in this place as a percentage of non-inter-level travel turns spent in this place.
 E = Turns spent auto-exploring this place as a percentage of non-inter-level travel turns spent in this place.
 F = Non-inter-level travel turns spent in this place divided by the number of levels of this place that you've seen.
                   A       B       C       D       E      F
               +-------+-------+-------+-------+-------+----------------------
         Total | 100.0 | 100.0 |   1.4 |   2.7 |   0.1 | 467.4
       Dungeon | 100.0 | 100.0 |   1.4 |   2.7 |   0.1 | 467.4
               +-------+-------+-------+-------+-------+----------------------

Table legend:
 A = Kills in this place as a percentage of kills in entire the game.
 B = Kills by you in this place as a percentage of kills by you in the entire game.
 C = Kills by friends in this place as a percentage of kills by friends in the entire game.
 D = Other kills in this place as a percentage of other kills in the entire game.
 E = Experience gained in this place as a percentage of experience gained in the entire game.
 F = Experience gained in this place divided by the number of levels of this place that you have seen.
                   A       B       C       D       E      F
               +-------+-------+-------+-------+-------+----------------------
         Total | 100.0 | 100.0 |  -nan |  -nan | 100.0 |  97.6
       Dungeon | 100.0 | 100.0 |  -nan |  -nan | 100.0 |  97.6
               +-------+-------+-------+-------+-------+----------------------
